Map: Cactus Valley LE (Void)

Players

Railgan - Winner!

  • Race: Zerg Zerg
  • League: Grandmaster
  • Spawn Location: 5:00

Alex

  • Race: Zerg Zerg
  • League: Master
  • Spawn Location: 7:00

VOD

Have the link to the VOD?

Description

Time

  • Played on: March 4, 2017, 7:50 p.m.
  • Length: 6:16
Show
View Real Time Build Order
Export as new Build Order

Railgan Zerg - Winner!

Build Orders: Pool First 

Get SALT Encoding   

  12  0:01  Drone  
  13  0:12  Overlord  
  13  0:18  Drone  
  14  0:30  Drone x2  
  14  0:34  Drone  
  17  0:45  Drone  
  18  0:50  Spawning Pool  
  18  0:56  Drone  
  18  1:13  Extractor  
  18  1:14  Hatchery  
  18  1:18  Drone  
  17  1:19  Drone  
  18  1:33  Drone  
  18  1:37  Queen  
  21  1:44  Spine Crawler  
  21  1:45  Zergling x2  
  21  1:52  Overlord  
  21  2:00  Drone  
  22  2:11  Drone  
  22  2:12  Baneling Nest  
  22  2:15  Queen  
  24  2:24  Drone  
  24  2:28  Queen  
  27  2:34  Drone  
  27  2:35  Drone  
  28  2:45  Metabolic Boost  
  28  2:47  Drone  
  28  2:48  Drone  
  30  2:51  Drone  
  30  2:54  Drone  
  32  3:00  Overlord  
  32  3:03  Zergling x2  
  32  3:05  Zergling x2  
  34  3:09  Drone  
  34  3:12  Drone  
  36  3:20  Roach Warren  
  36  3:22  Drone  
  36  3:26  Baneling x2  
  36  3:27  Zergling x4  
  36  3:29  Drone  
  39  3:36  Drone x2  
  39  3:38  Overlord  
  41  3:44  Extractor, Drone  
  41  3:47  Baneling x2  
  41  3:50  Drone  
  41  3:53  Overlord  
  41  3:56  Drone x2  
  41  3:57  Drone  
  44  4:07  Roach x3  
  50  4:12  Roach x2  
  54  4:20  Roach x2  
  54  4:22  Overlord  
  58  4:26  Zergling x2  
  59  4:31  Overlord  
  59  4:34  Overlord  
  58  4:44  Roach x3  
  58  4:45  Roach x2  
  68  4:50  Zergling x2  
  69  4:55  Roach x2  
  69  4:56  Zergling x4  
  73  5:11  Zergling x4  
  74  5:14  Roach  
  74  5:17  Roach  
  74  5:18  Roach  
  74  5:19  Roach x2  
  80  5:28  Baneling x4  
  80  5:34  Roach  
  80  5:35  Zergling x2  
  80  5:39  Roach  
  80  5:40  Zergling x2  
  80  5:41  Roach  
  80  5:42  Zergling x6  
Show
View Real Time Build Order
Export as new Build Order

Alex Zerg 

Build Orders: Hatch First 

Get SALT Encoding   

  12  0:01  Drone  
  13  0:08  Drone  
  14  0:17  Overlord  
  14  0:21  Extractor  
  14  0:23  Drone  
  15  0:35  Drone x2  
  17  0:52  Hatchery  
  17  0:55  Drone  
  17  0:58  Drone  
  18  1:09  Extractor  
  17  1:12  Spawning Pool  
  17  1:16  Drone  
  17  1:19  Drone  
  18  1:27  Drone  
  19  1:37  Overlord  
  19  1:52  Drone  
  20  1:59  Zergling x2, Queen  
  23  2:04  Queen  
  23  2:05  Drone  
  26  2:08  Metabolic Boost  
  26  2:10  Drone  
  26  2:15  Drone  
  28  2:21  Drone  
  29  2:26  Drone  
  29  2:29  Baneling Nest  
  29  2:35  Drone  
  29  2:36  Queen  
  32  2:39  Drone  
  32  2:44  Extractor  
  32  2:48  Overlord  
  33  2:51  Zergling x2  
  33  2:53  Drone  
  35  3:01  Drone  
  36  3:13  Zergling x6  
  36  3:18  Hatchery  
  38  3:22  Drone x4  
  38  3:26  Drone  
  43  3:28  Overlord  
  43  3:36  Drone  
  43  3:37  Overlord  
  43  3:51  Drone x4  
  43  3:52  Drone  
  46  4:00  Drone x5  
  51  4:08  Lair, Evolution Chamber  
  51  4:09  Drone  
  51  4:11  Roach Warren  
  51  4:12  Extractor  
  51  4:13  Extractor  
  51  4:15  Baneling x2  
  51  4:16  Baneling  
  48  4:21  Drone  
  48  4:23  Evolution Chamber, Zergling x4  
  50  4:29  Drone x2  
  52  4:32  Overlord  
  52  4:33  Overlord  
  52  4:34  Drone  
  52  4:45  Drone x5  
  57  4:51  Drone x3  
  60  4:57  Roach  
  60  4:59  Roach  
  64  5:01  Roach x2  
  64  5:05  Roach  
  67  5:09  Roach x2  
  63  5:26  Roach x2  
  63  5:27  Roach x3  
  69  5:42  Roach x3  
Tags
 
Add a new tag
Caveats
  • Supply blocks, unpowered buildings, or Contaminate may cause inaccurate times.
  • Supply counts are checked every 10 seconds.